 Dungeon Crawl Stone Soup version 0.27-a0-1200-g94dc6ad4cf (webtiles) character file.

Game seed: 4486578875241285511

58 Glokmah the Skirmisher (level 4, -1/40 HPs)
             Began as a Ghoul Monk on May 30, 2021.
             Slain by an orc
             ... wielding a +0 trident
              (2 damage)
             ... on level 3 of the Dungeon.
             The game lasted 00:03:22 (1803 turns).

Glokmah the Skirmisher (Ghoul Monk)                 Turns: 1803, Time: 00:03:23

Health: -1/40      AC:  6    Str: 15    XL:     4   Next: 1%
Magic:  3/3        EV: 11    Int:  5    God:
Gold:   122        SH:  0    Dex: 11    Spells: 3/3 levels left

rFire    . . .     SeeInvis .   a - +0 hand axe
rCold    + . .     Faith    .   (no shield)
rNeg     + + +     Spirit   .   h - +0 ring mail
rPois    ∞         Reflect  .   j - +0 helmet
rElec    .         Harm     .   (no cloak)
rCorr    +         Rampage  .   (no gloves)
Will     .....                  (no boots)
Stlth    +.........             (no amulet)
HPRegen  0.00/turn              c - ring of resist corrosion
MPRegen  0.08/turn              (no ring)

@: no status effects
A: claws 1, cold resistance 1, negative energy resistance 3, inhibited
regeneration, torment resistance 2
a: no special abilities


You were on level 3 of the Dungeon.
You visited 1 branch of the dungeon, and saw 3 of its levels.

You collected 122 gold pieces.

Inventory:

Hand Weapons
 a - a +0 hand axe (weapon)
Missiles
 b - 6 javelins (quivered)
 i - 6 boomerangs of dispersal
Armour
 h - a +0 ring mail (worn)
 j - a +0 helmet (worn)
Jewellery
 c - a ring of resist corrosion (left claw)
Scrolls
 d - a scroll of blinking
 e - a scroll of torment {unknown}
 g - a scroll of identify
Potions
 f - a potion of might


   Skills:
 + Level 4.0 Fighting
 * Level 3.9 Axes
 - Level 2.6 Dodging
 - Level 2.1 Stealth


You had 3 spell levels left.
You didn't know any spells.
Your spell library was empty.

Dungeon Overview and Level Annotations

Branches:
Dungeon (3/15)

Altars:

Shops:
D:3 (


Innate Abilities, Weirdness & Mutations

You thrive by killing the living.
You are immune to poison.
You have sharp fingernails.
Your flesh is cold resistant. (rC+)
You are immune to negative energy. (rN+++)
You do not regenerate when monsters are visible.
You are immune to unholy pain and torment.


Message History

There is an entrance to a sewer on this level.
Hurry and find it before the portal rusts away!
You hear the slow rusting of a very distant drain.
There is a stone staircase leading up here.
You climb upwards.
There is a stone staircase leading down here.
There is a stone staircase leading down here.
You climb downwards.
You hear the sound of rushing water.
There is an entrance to a sewer on this level.
Hurry and find it before the portal rusts away!
There is a stone staircase leading up here.
You hear the slow rusting of a very distant drain.
Found 9 gold pieces.
You now have 119 gold pieces (gained 9).
Found 3 gold pieces.
You now have 122 gold pieces (gained 3).
Found 20 stones.
Found a stone staircase leading down.
Found a stone staircase leading down.
Found 11 arrows.
You hear the slow rusting of a distant drain.
The orc shouts!
You hear a shout!
The orc hits you but does no damage.
The orc priest shouts!
The orc priest mumbles some strange prayers to Beogh against you.
Beogh smites you!
The orc priest invokes the aid of Beogh against you.
Beogh smites you!
* * * LOW HITPOINT WARNING * * *
You closely miss the orc priest. You closely miss the orc.
The orc hits you from afar with a +0 trident.
* * * LOW HITPOINT WARNING * * *
The orc hits you with a +0 hand axe.
* * * LOW HITPOINT WARNING * * *
The orc priest hits you with a +0 short sword.
* * * LOW HITPOINT WARNING * * *
The orc barely misses you.
You hit the orc priest.
The orc priest is lightly wounded.
You hit the orc. The orc closely misses you. The orc priest closely misses you.
The orc hits you from afar with a +0 trident.
You die...

#.#.#.#o#.#.## #....
#............# #.#.#
#...##...##..###.#.#
#........##.....#..# #
#..##8...# .####.###
#.##..##.#####.# #.#
##.....8.∩.8....# #.#
.......##<##########.#
####oo@o8...........#
####..############
####


You could see an orc priest and 2 orcs.

Vanquished Creatures
  2 adders (D:2)
  A worm (D:2)
  2 dart slugs
  3 ball pythons (D:1)
  3 bats (D:1)
  3 endoplasms (D:1)
  2 giant cockroaches
  A goblin (D:1)
  A hobgoblin (D:1)
  3 jackals (D:1)
  A quokka (D:1)
  2 frilled lizards (D:1)
  4 kobolds (D:1)
  5 rats
33 creatures vanquished.

Vanquished Creatures (others)
  A bat (D:1)
1 creature vanquished.

Grand Total: 34 creatures vanquished

Notes
Turn   | Place    | Note
-------+----------+-------------------------------------------
     0 | D:1      | Glokmah the Ghoul Monk began the quest for the Orb.
     0 | D:1      | Reached XP level 1. HP: 19/19 MP: 0/0
   253 | D:1      | Reached XP level 2. HP: 24/26 MP: 1/1
   612 | D:1      | Reached XP level 3. HP: 23/33 MP: 2/2
  1597 | D:3      | Reached skill level 4 in Fighting
  1607 | D:3      | Reached XP level 4. HP: 40/40 MP: 3/3
  1615 | D:3      | Found Vixkas's Weapon Emporium.
  1802 | D:3      | HP: 1/40 [orc priest/+0 short sword (3)]
  1803 | D:3      | Slain by an orc

Illustrated notes

Levels and vault maps discovered:
D:1:      tarquinn_simple_flora_water_b, layout_basic, lemuel_old_faithful
D:2:      layout_basic
D:3:      layout_loops_ring, serial_shops, nicolae_shop_statue_plus,
          gup_sewer_entry_bowl

Skill      XL: |  1  2  3 |
---------------+----------+-----
Axes           | 3 |  3.9
Fighting       | 4 |  4.0
Dodging        | |  2.6
Stealth        | |  2.1

Action                   |  1- 3 |  4- 6 || total
-------------------------+-------+-------++-------
Melee: Hand axe          |   125 |     4 ||   129
  Use: Scroll            |     1 |     2 ||     3
 Stab: Sleeping          |     2 |       ||     2
       Distracted        |     1 |       ||     1
Armor: Leather armour    |    25 |       ||    25
       Ring mail         |    11 |     2 ||    13
Dodge: Dodged            |   101 |     4 ||   105

Table legend: (Time is in decaauts)
 A = Elapsed time spent in this place.
 B = Non-inter-level travel time spent in this place.
 C = Inter-level travel time spent in this place.
 D = Time resting spent in this place.
 E = Time spent auto-exploring this place.
 F = Levels seen in this place.
 G = Mean time per level.
                   A        B        C        D        E       F      G
               +--------+--------+--------+--------+--------+-----+--------+
         Total |   1824 |   1669 |    155 |    138 |   1034 |   3 |  608.0 |
       Dungeon |   1824 |   1669 |    155 |    138 |   1034 |   3 |  608.0 |
               +--------+--------+--------+--------+--------+-----+--------+

Top non-repeatable levels by time:
     D:1: 1038 daAuts
     D:2: 651 daAuts
     D:3: 134 daAuts
